 Dungeon Crawl Stone Soup version 0.30.1-3-gfc49f6343a (webtiles) character file.

Game seed: 16016661226090706818

86 Wiggles the Chopper (level 4, -5/40 HPs)
             Began as a Minotaur Berserker on July 19, 2023.
             Was a Believer of Trog.
             Killed from afar by Sigmund (8 damage)
             ... with a puff of flame
             ... on level 3 of the Dungeon.
             The game lasted 00:03:17 (2075 turns).

Wiggles the Chopper (Minotaur Berserker)            Turns: 2075, Time: 00:03:18

Health: -5/40      AC:  7    Str: 23    XL:     4   Next: 27%
Magic:  3/3        EV: 10    Int:  4    God:    Trog [**....]
Gold:   234        SH:  0    Dex: 10    Spells: 3/3 levels left

rFire   . . .        a - +0 hand axe
rCold   . . .        (no shield)
rNeg    . . .        e - +0 scale mail
rPois   .            (helmet restricted)
rElec   .            m - +0 cloak {rCorr}
rCorr   +            (no gloves)
SInv    .            (no boots)
Will    .....        (no amulet) Stlth
                     (no ring)
HPRegen 0.26/turn    (no ring)
MPRegen 0.08/turn

%: no passive effects
@: brilliant, on berserk cooldown, slowed, invisible, very slow
A: horns 2, retaliatory headbutt
a: Renounce Religion, Berserk, Trog's Hand


You were on level 3 of the Dungeon.
You worshipped Trog.
Trog was pleased with you.
You visited 1 branch of the dungeon, and saw 3 of its levels.

You collected 234 gold pieces.

Inventory:

Hand Weapons
 a - a +0 hand axe (weapon)
Armour
 e - a +0 scale mail (worn)
 m - a +0 cloak of preservation (worn)
Jewellery
 h - an amulet of magic regeneration
Wands
 l - a wand of roots (10)
Scrolls
 c - a scroll of silence {unknown}
 d - a scroll of amnesia {unknown}
 f - a scroll of identify {unknown}
 g - a scroll of poison {unknown}
 j - a scroll of enchant weapon {unknown}
 k - a scroll of fear {unknown}


   Skills:
 + Level 4.2 Fighting
 + Level 4.8 Axes
 + Level 3.1 Armour
 + Level 2.9 Dodging
 + Level 0.5 Stealth


You had 3 spell levels left.
You didn't know any spells.
Your spell library was empty.

Dungeon Overview and Level Annotations

Branches:
Dungeon (3/15)

Altars:

Annotations:
D:3 Sigmund


Innate Abilities, Weirdness & Mutations

You have a pair of horns on your head.
You reflexively headbutt those who attack you in melee.


Message History

You feel less wooden.
Your +0 cloak of preservation unmelds from your body.
Your +0 scale mail unmelds from your body.
Something hits you. Something hits you!
You miss something. Your headbutt misses something.
Something hits you but does no damage.
You barely miss something.
You hear some strange, mumbled words.
A puff of flame appears from out of thin air!
The puff of flame hits you.
You miss something.
You hear some strange, mumbled words.
You are confused.
You bump into the rock wall.
Something hits you.
You hear some strange, mumbled words.
You are more confused.
Something hits you!
* * * LOW HITPOINT WARNING * * *
There is an escape hatch in the ceiling here.
You bump into the rock wall.
Something hits you.
* * * LOW HITPOINT WARNING * * *
Something hits you but does no damage. Something hits you.
* * * LOW HITPOINT WARNING * * *
You hear a zap.
Something tries to affect you, but you resist.
It was a potion of brilliance.
You feel clever all of a sudden.
It was a potion of invisibility.
You fade into invisibility!
Something hits you but does no damage.
You feel less confused. Something hits you!
* * * LOW HITPOINT WARNING * * *
Sigmund appears from thin air!
Reactivating autopickup.
Sigmund points at something and mumbles some strange words.
The puff of flame hits you!
You die...

##.##.#####.....#
##...#.# #.<##.#
##......##
#........
##........#
#.###.###
#.......#.# #.# #
#........# #.#
##.....### #.#
##..<## #. ##@##
#. #.# #@#######
#.......#
#######@...@.
##.#.


You could see Sigmund (unable to see you).

Vanquished Creatures
  Crazy Yiuf (D:2)
  An adder (D:2)
  A worm (D:2)
  2 dart slugs
  2 ball pythons
  6 bats
  5 endoplasms
  2 giant cockroaches (D:1)
  4 hobgoblins
  4 jackals (D:2)
  4 kobolds
  A quokka (D:2)
  2 frilled lizards (D:2)
  A goblin (D:1)
  4 rats (D:1)
40 creatures vanquished.

Notes
Turn   | Place    | Note
-------+----------+-------------------------------------------
     0 | D:1      | Wiggles the Minotaur Berserker began the quest for the Orb.
     0 | D:1      | Reached XP level 1. HP: 19/19 MP: 0/0
   102 | D:1      | Reached XP level 2. HP: 18/27 MP: 1/1
   835 | D:1      | Reached ** piety under Trog
   866 | D:1      | Reached XP level 3. HP: 33/33 MP: 2/2
  1239 | D:2      | Found a faded altar of an unknown god.
  1737 | D:2      | Found a runed translucent door.
  1738 | D:2      | Noticed Crazy Yiuf
  1744 | D:2      | Killed Crazy Yiuf
  1745 | D:2      | Reached XP level 4. HP: 40/40 MP: 3/3
  1999 | D:3      | Identified the +1 dagger of Turmoil {drain, rPois rF+ Int-3
                  | Dex+4}
  2028 | D:3      | Noticed Sigmund
  2073 | D:3      | HP: 2/40 [something (9)]
  2075 | D:3      | Killed from afar by Sigmund

Illustrated notes

Levels and vault maps discovered:
D:1:      dpeg_arrival_tiny_f, layout_basic
D:2:      layout_basic, ebering_ecumenical_altar_webs, uniq_crazy_yiuf_cottage
D:3:      layout_loops_ring, uniq_sigmund

Skill      XL: |  1  2  3 |
---------------+----------+-----
Axes           | 4 |  4.8
Fighting       | 4 |  4.2
Armour         | 3 |  3.1
Dodging        | |  2.9
Stealth        | |  0.5

Action                     |  1- 3 |  4- 6 || total
---------------------------+-------+-------++-------
  Melee: Hand axe          |    76 |     3 ||    79
         Headbutt          |    13 |       ||    13
 Invoke: Berserk           |     1 |     1 ||     2
    Use: Potion            |       |     2 ||     2
 Armour: Animal skin       |     2 |       ||     2
         Scale mail        |    27 |     3 ||    30
         Skin              |       |    12 ||    12
  Dodge: Dodged            |    49 |       ||    49
